 Dungeon Crawl Stone Soup version 0.29-a0-1033-gb6c65ffae6 (webtiles) character file.

Game seed: 5360022716236619410

387 xian the Ducker (level 6, 0/61 HPs)
             Began as a Troll Fighter on Aug 14, 2022.
             Slain by a water moccasin zombie (2 damage)
             ... in an ossuary.
             The game lasted 00:08:41 (2531 turns).

xian the Ducker (Troll Fighter)                     Turns: 2531, Time: 00:08:41

Health: 0/61       AC:  5    Str: 31    XL:     6   Next: 49%
Magic:  5/5        EV: 10    Int:  3    God:
Gold:   128        SH:  0    Dex:  8    Spells: 5/5 levels left

rFire   . . .      SeeInvis .   q - +4 quarterstaff (chaos)
rCold   . . .      Faith    .   (shield currently unavailable)
rNeg    . . .      Spirit   .   b - +0 robe
rPois   .          Reflect  .   (helmet restricted)
rElec   .          Harm     .   r - +0 cloak
rCorr   .          Rampage  .   (gloves unavailable)
Will    .....                   (boots unavailable)
Stlth   +.........              (no amulet)
HPRegen 1.00/turn               (no ring)
MPRegen 0.09/turn               (no ring)

@: mighty
A: large, unfitting armour, claws 3, regeneration 1, shaggy fur 1, tough skin 1,
high MP 1, strong 1, inability to drink after injury 1
a: no special abilities


You were in an ossuary.
You visited 1 branch of the dungeon, and saw 4 of its levels.
You also visited: Ossuary.

You collected 128 gold pieces.

Inventory:

Hand Weapons
 a - a +0 flail
 q - a +4 quarterstaff of chaos (weapon)
Missiles
 f - 7 boomerangs
 j - 11 javelins (quivered)
 s - 10 poisoned darts
Armour
 b - a +0 robe (worn)
 c - a +0 kite shield
 r - a +0 cloak (worn)
Scrolls
 e - a scroll of enchant weapon {unknown}
 g - 3 scrolls of magic mapping
 k - a scroll of fear {unknown}
 t - a scroll of summoning {unknown}
 v - a scroll of identify {unknown}
 w - a scroll of noise {unknown}
 x - a scroll of vulnerability {unknown}
 y - a scroll of enchant armour {unknown}
Potions
 h - a potion of lignification {unknown}
 i - 2 potions of mutation
 l - a potion of haste {unknown}
 m - a potion of berserk rage {unknown}
 o - 2 potions of degeneration {unknown}
 p - a potion of heal wounds
 u - a potion of ambrosia {unknown}
 z - a potion of curing {unknown}


   Skills:
 + Level 3.2 Fighting
 - Level 2.5(3.4) Maces & Flails
 * Level 3.1(3.5) Staves
 + Level 0.5 Throwing
 + Level 3.7 Dodging
 + Level 0.2 Stealth
 + Level 3.1 Shields


You had 5 spell levels left.
You didn't know any spells.
Your spell library contained the following spells:

 Spells                   Type           Power      Damage    Failure   Level
 Necrotise                Necr           0%         1d4       52%         1
 Summon Guardian Golem    Hex/Summ       0%         N/A       88%         3
 Vampiric Draining        Necr           0%         2d6       88%         3
 Agony                    Necr           0%         N/A       100%        5
 Orb of Destruction       Conj           0%         9d5       100%        7
 Spellforged Servitor     Conj/Summ      0%         N/A       100%        7


Dungeon Overview and Level Annotations

Branches:
Dungeon (4/15)             Temple (0/1) D:4         Ossuary (1/1)

Altars:


Innate Abilities, Weirdness & Mutations

You are too large for most types of armour.
You have claws for hands.
Your natural rate of healing is unusually fast.
You are covered in fur. (AC +1)
You have tough skin. (AC +1)
You have an increased reservoir of magic. (+10% MP)
Your muscles are strong. (Str +4, Int/Dex -1)
You occasionally lose the ability to drink potions when taking damage.


Message History

* * * LOW HITPOINT WARNING * * *
The water moccasin zombie bites you.
* * * LOW HITPOINT WARNING * * *
The water moccasin zombie bites you.
* * * LOW HITPOINT WARNING * * *
The water moccasin zombie barely misses you.
It was a potion of mutation.
You feel extremely strange.
You occasionally lose the ability to drink potions when taking damage.
You feel stronger.
You feel more energetic.
The water moccasin zombie closely misses you.
The water moccasin zombie completely misses you.
You feel very mighty all of a sudden. The water moccasin zombie bites you.
* * * LOW HITPOINT WARNING * * *
The water moccasin zombie bites you.
* * * LOW HITPOINT WARNING * * *
You feel much better.
The water moccasin zombie barely misses you.
The water moccasin zombie bites you!
You sock the water moccasin zombie!
You destroy the water moccasin zombie!
The water moccasin zombie bites you.
* * * LOW HITPOINT WARNING * * *
The water moccasin zombie bites you.
* * * LOW HITPOINT WARNING * * *
The water moccasin zombie bites you.
* * * LOW HITPOINT WARNING * * *
Your Staves skill increases to level 3!
You thump the water moccasin zombie! You burn the water moccasin zombie.
The water moccasin zombie is moderately damaged.
The water moccasin zombie bites you!
* * * LOW HITPOINT WARNING * * *
The water moccasin zombie bites you but does no damage.
Unknown command.
The water moccasin zombie bites you.
* * * LOW HITPOINT WARNING * * *
There is an open door here.
The water moccasin zombie attacks as you move away!
The water moccasin zombie bites you.
You die...

...# #...# ##'# ##'##
...# #.☼.# ...# #○☼§#
...# #ZZ☼# ...# #ZZ.#
##'##############Z###
...#...'....'...#Z.☼#
...'...#....#...@...#
...#...#....#...#☼○☼#
#####################


You could see an adder zombie, 2 water moccasin zombies, 2 gnoll zombies and an
orc zombie.

Vanquished Creatures
  A black bear (D:4)
  2 water moccasin zombies (Ossuary)
  Crazy Yiuf (D:2)
  An orc wizard (D:4)
  3 adders
  2 adder zombies (Ossuary)
  2 dart slugs
  5 orcs (D:4)
  10 endoplasms
  4 giant cockroaches
  3 goblins
  5 hobgoblins
  10 jackals (D:2)
  6 kobolds
  3 quokkas
  3 ball pythons
  A bat (D:1)
  2 frilled lizards
  4 gnoll zombies (Ossuary)
  5 hobgoblin zombies (Ossuary)
  4 kobold zombies (Ossuary)
  3 orc zombies (Ossuary)
  6 rats
86 creatures vanquished.

Notes
Turn   | Place    | Note
-------+----------+-------------------------------------------
     0 | D:1      | xian the Troll Fighter began the quest for the Orb.
     0 | D:1      | Reached XP level 1. HP: 22/22 MP: 0/0
    59 | D:1      | Reached XP level 2. HP: 29/29 MP: 1/1
   371 | D:1      | Found a faded altar of an unknown god.
   795 | D:2      | Reached XP level 3. HP: 36/36 MP: 2/2
  1023 | D:2      | Found a runed translucent door.
  1024 | D:2      | Noticed Crazy Yiuf
  1030 | D:2      | Killed Crazy Yiuf
  1031 | D:2      | Reached XP level 4. HP: 34/44 MP: 3/3
  2287 | D:4      | Noticed a black bear
  2290 | D:4      | Killed a black bear
  2291 | D:4      | Reached skill level 1 in Staves
  2291 | D:4      | Reached XP level 5. HP: 48/53 MP: 4/4
  2368 | D:4      | Found a sand-covered staircase.
  2381 | Ossuary  | Entered an ossuary
  2428 | Ossuary  | Reached XP level 6. HP: 47/61 MP: 5/5
  2524 | Ossuary  | Gained mutation: You occasionally lose the ability to drink
                  | potions when taking damage. [potion of mutation]
  2524 | Ossuary  | Gained mutation: Your muscles are strong. (Str +4, Int/Dex
                  | -1) [potion of mutation]
  2524 | Ossuary  | Gained mutation: You have an increased reservoir of magic.
                  | (+10% MP) [potion of mutation]
  2528 | Ossuary  | HP: 2/61 [water moccasin zombie (7)]
  2531 | Ossuary  | Slain by a water moccasin zombie

Illustrated notes

Levels and vault maps discovered:
D:1:      dpeg_arrival_orchard, layout_basic, basic_ecumenical_altar
D:2:      layout_basic, kennysheep_generic_room_9, uniq_crazy_yiuf_cottage
D:3:      layout_basic
D:4:      layout_basic, minmay_temple_entry_offerings, serial_demonic,
          serial_demonic_a, serial_demonic_d, serial_demonic_e,
          serial_demonic_g, lightli_ossuary_entry_decrepit_ruins,
          minmay_misc_feat_rows, uniq_duvessa
Ossuary:  ossuary_tomb_2

Skill      XL: |  1  2  3  4  5  6 |
---------------+-------------------+-----
Shields        | 3 |  3.1
Maces & Flails | 2 |  2.5
Dodging        | 3 |  3.7
Fighting       | 3 |  3.2
Staves         | 1 2 3 |  3.1
Throwing       | |  0.5
Stealth        | |  0.2

Action                   |  1- 3 |  4- 6 || total
-------------------------+-------+-------++-------
Melee: Flail             |    66 |       ||    66
       Quarterstaff      |       |   140 ||   140
Throw: Boomerang         |    17 |       ||    17
       Javelin           |     3 |       ||     3
  Use: Scroll            |       |     2 ||     2
       Potion            |       |     4 ||     4
 Stab: Paralysed         |       |     2 ||     2
Armor: Robe              |    31 |    59 ||    90
Dodge: Dodged            |    37 |   112 ||   149
Block: Kite shield       |    38 |       ||    38

Table legend: (Time is in decaauts)
 A = Elapsed time spent in this place.
 B = Non-inter-level travel time spent in this place.
 C = Inter-level travel time spent in this place.
 D = Time resting spent in this place.
 E = Time spent auto-exploring this place.
 F = Levels seen in this place.
 G = Mean time per level.
                   A        B        C        D        E       F      G
               +--------+--------+--------+--------+--------+-----+--------+
         Total |   2594 |   2540 |     54 |      0 |   1514 |   5 |  518.8 |
       Dungeon |   2435 |   2381 |     54 |      0 |   1514 |   4 |  608.8 |
       Ossuary |    159 |    159 |      0 |      0 |      0 |   1 |  159.0 |
               +--------+--------+--------+--------+--------+-----+--------+

Top non-repeatable levels by time:
     D:3: 949 daAuts
     D:1: 717 daAuts
     D:2: 656 daAuts
 Ossuary: 159 daAuts
     D:4: 111 daAuts
